Map: Persephone LE

Players

SKillous - Winner!

  • Race: Protoss Protoss
  • League: Master
  • Spawn Location: 7:00

Remarcable (uThermal)

  • Race: Terran Terran
  • League: Master
  • Spawn Location: 11:00

Event: FEL Cracov 2025

VOD

Have the link to the VOD?

Description

Time

  • Played on: July 27, 2025, 6:56 a.m.
  • Length: 4:59

All games in this series

Show
View Real Time Build Order
Export as new Build Order

SKillous Protoss - Winner!

Build Orders: 1 Gate Expand, Phoenix Opening 

Get SALT Encoding   

  12  0:00  Probe  
  13  0:12  Probe  
  14  0:17  Pylon  
  14  0:24  Probe  
  15  0:32  Probe  
  15  0:36  Gateway  
  15  0:41  Probe  
  15  0:42  Assimilator  
  17  0:52  Probe  
  18  1:04  Probe  
  19  1:18  Probe  
  20  1:24  Cybernetics Core  
  21  1:39  Nexus  
  20  1:45  Pylon  
  20  1:49  Probe  
  21  1:56  Assimilator  
  21  1:57  Probe  
  21  2:04  Warp Gate  
  21  2:05  Probe  
  23  2:15  Probe  
  26  2:24  Phoenix, Sentry  
  26  2:28  Probe  
  27  2:40  Probe  
  28  2:47  Twilight Council, Adept  
  30  2:52  Probe x2  
  30  2:56  Gateway  
  32  3:03  Charge  
  32  3:04  Probe x2  
  34  3:15  Gateway  
  34  3:16  Stalker  
  34  3:17  Gateway  
  36  3:30  Shield Battery  
  36  3:38  Gateway  
  36  3:42  Shield Battery  
  36  3:53  Pylon  
  36  3:55  Stalker x2  
  36  3:56  Probe  
  38  4:10  Stalker  
  38  4:11  Shield Battery  
  38  4:12  Pylon  
  38  4:16  Stalker  
  42  4:26  Stalker  
  42  4:31  Stalker  
  42  4:41  Zealot x3  
  47  4:52  Zealot  
  45  4:55  Zealot  
Show
View Real Time Build Order
Export as new Build Order

Remarcable Terran 

Build Orders:  

Get SALT Encoding   

  12  0:00  SCV  
  13  0:12  SCV  
  14  0:17  Supply Depot  
  14  0:24  SCV  
  15  0:38  SCV  
  15  0:40  Barracks  
  16  0:43  Refinery  
  16  0:50  SCV  
  16  0:54  Refinery  
  17  1:02  SCV  
  18  1:09  Engineering Bay  
  18  1:14  SCV  
  20  1:34  Barracks Reactor  
  20  1:35  Orbital Command  
  19  1:41  Factory  
  19  1:49  Supply Depot  
  19  2:00  SCV  
  20  2:10  Marine x2  
  20  2:12  SCV  
  23  2:24  SCV, Armory  
  23  2:28  Marine x2  
  26  2:36  Starport  
  26  2:38  SCV  
  26  2:42  Factory Tech Lab  
  27  2:48  Supply Depot  
  27  2:50  SCV  
  28  2:57  Marine x2  
  30  3:14  Thor  
  30  3:16  Marine  
  37  3:23  Supply Depot  
  37  3:28  Medivac  
  39  3:44  Marine x2  
  39  3:48  Supply Depot  
  41  4:02  Marine x2  
  41  4:20  Marine x2  
  41  4:21  SCV  
  44  4:37  Marine x2  
Tags
 
Add a new tag
Caveats
  • Supply blocks, unpowered buildings, or Contaminate may cause inaccurate times.
  • Supply counts are checked every 10 seconds.